Map: 2000 Atmospheres LE

Players

Elazer

  • Race: Zerg Zerg

SKillous - Winner!

  • Race: Protoss Protoss

Event: IEM Katowice 2022

VOD

Have the link to the VOD?

Description

Time

  • Played on: Feb. 23, 2022, 7:19 a.m.
  • Length: 18:53

All games in this series

Show
View Real Time Build Order
Export as new Build Order

Elazer Zerg 

Build Orders: Hatch First 

Get SALT Encoding   

  12  0:00  Drone  
  13  0:12  Overlord  
  13  0:16  Drone  
  14  0:30  Drone x2  
  16  0:48  Hatchery  
  15  0:51  Drone  
  15  0:54  Drone  
  17  0:57  Drone  
  18  1:08  Extractor  
  17  1:12  Spawning Pool  
  17  1:16  Drone  
  17  1:19  Drone  
  18  1:28  Drone  
  19  1:38  Drone  
  20  1:49  Drone  
  21  1:59  Queen x2  
  21  2:00  Zergling x2  
  21  2:01  Overlord  
  26  2:12  Drone x2  
  26  2:14  Metabolic Boost  
  28  2:21  Drone x2  
  30  2:31  Hatchery  
  29  2:38  Queen  
  29  2:43  Overlord  
  31  2:46  Drone  
  31  2:47  Drone  
  31  2:50  Drone  
  34  2:55  Drone x2  
  36  3:01  Queen  
  37  3:09  Overlord  
  37  3:10  Drone x3  
  40  3:16  Queen  
  40  3:19  Drone  
  43  3:25  Overlord  
  43  3:29  Drone x2  
  43  3:31  Drone  
  46  3:43  Overlord  
  46  3:45  Drone x2  
  46  3:47  Drone x3  
  51  3:49  Spore Crawler, Queen  
  51  3:50  Drone x3  
  51  3:54  Queen  
  57  3:58  Overlord  
  58  4:02  Zergling x2  
  58  4:03  Zergling x4  
  58  4:06  Zergling x4  
  62  4:14  Drone  
  63  4:19  Zergling x2  
  63  4:20  Drone x6  
  70  4:27  Extractor  
  70  4:28  Overlord  
  70  4:29  Roach Warren  
  68  4:32  Queen  
  72  4:40  Drone x2  
  73  4:46  Drone  
  73  4:47  Drone x5, Queen  
  73  4:52  Overlord  
  79  4:53  Drone x3, Extractor  
  79  4:54  Drone  
  79  4:58  Hatchery  
  81  5:02  Drone  
  81  5:03  Lair  
  82  5:08  Overlord  
  82  5:11  Queen  
  84  5:14  Drone x4  
  84  5:16  Evolution Chamber, Extractor  
  84  5:17  Extractor  
  84  5:20  Overlord  
  85  5:22  Drone x5  
  85  5:26  Overlord  
  89  5:32  Overlord  
  89  5:35  Drone  
  90  5:36  Extractor  
  90  5:38  Drone x3  
  90  5:42  Drone x4  
  96  5:46  Drone x2  
  96  5:55  Drone, Spore Crawler  
  96  5:56  Zerg Missile Weapons Level 1  
  96  5:57  Drone x6  
  96  6:00  Queen x2  
  96  6:03  Overlord  
  105  6:06  Drone  
  105  6:07  Drone x3  
  105  6:09  Queen  
  105  6:10  Glial Reconstitution  
  111  6:13  Infestation Pit  
  111  6:16  Drone x4  
  111  6:18  Drone  
  114  6:22  Drone x6  
  120  6:27  Overlord  
  120  6:30  Extractor x2  
  118  6:34  Spore Crawler, Drone x2  
  118  6:35  Drone, Overlord  
  118  6:36  Drone  
  118  6:37  Queen x2  
  124  6:45  Drone  
  124  6:46  Drone x3  
  128  6:50  Hive  
  128  6:54  Pathogen Glands  
  128  6:58  Drone x3  
  128  7:00  Spine Crawler  
  130  7:03  Spine Crawler x3  
  130  7:06  Queen  
  130  7:08  Overlord, Spine Crawler  
  128  7:13  Hatchery  
  126  7:20  Queen  
  126  7:21  Extractor  
  127  7:25  Hatchery, Infestor  
  127  7:26  Infestor x8  
  145  7:31  Zergling x2  
  145  7:32  Overlord  
  145  7:36  Queen, Evolution Chamber  
  147  7:39  Spine Crawler  
  147  7:41  Queen, Overlord  
  144  7:55  Neural Parasite  
  144  7:58  Burrow  
  142  8:12  Queen  
  140  8:13  Infestor x3  
  140  8:14  Queen  
  140  8:15  Overlord  
  140  8:17  Queen, Overlord x3  
  150  8:20  Zerg Missile Weapons Level 2  
  150  8:21  Zerg Ground Armor Level 1  
  150  8:26  Roach x10  
  170  8:29  Drone x4  
  170  8:30  Spine Crawler x2  
  170  8:31  Drone x2  
  170  8:32  Spore Crawler  
  170  8:33  Spore Crawler  
  170  8:34  Spore Crawler  
  171  8:35  Spore Crawler  
  171  8:37  Hatchery, Zergling x2  
  171  8:39  Spore Crawler x3  
  171  8:40  Spine Crawler  
  166  8:44  Viper x2  
  172  8:58  Queen  
  172  9:00  Spore Crawler  
  172  9:01  Spore Crawler  
  172  9:02  Spore Crawler, Zergling x2  
  172  9:04  Spine Crawler  
  172  9:06  Spine Crawler  
  172  9:07  Spore Crawler x4  
  172  9:08  Queen x2  
  170  9:12  Drone x5  
  170  9:15  Spore Crawler  
  170  9:16  Spore Crawler  
  172  9:20  Infestor x2  
  176  9:30  Spine Crawler  
  176  9:31  Spore Crawler  
  174  9:32  Spore Crawler  
  174  9:35  Roach x7  
  187  9:45  Roach x7  
  200  9:49  Infestor x9  
  200  9:50  Infestor  
  200  9:52  Infestor  
  200  9:53  Infestor  
  200  9:57  Ultralisk Cavern  
  199  10:01  Drone  
  200  10:09  Spore Crawler  
  200  10:10  Spore Crawler  
  200  10:13  Spore Crawler  
  197  10:15  Spore Crawler  
  194  10:33  Drone x6, Infestor x10  
  194  10:35  Drone x2  
  200  10:41  Infestor  
  200  10:42  Zerg Ground Armor Level 2  
  200  10:43  Chitinous Plating, Zerg Melee Weapons Level 1  
  200  10:47  Spore Crawler x2  
  198  10:54  Overseer x4  
  198  10:55  Overseer, Pneumatized Carapace  
  168  11:57  Zergling x44  
  168  11:59  Adrenal Glands  
  182  12:02  Drone, Queen x2  
  182  12:03  Queen x3  
  182  12:07  Anabolic Synthesis, Infestor x4  
  182  12:08  Infestor x2  
  193  12:12  Overseer  
  193  12:14  Viper x2  
  199  12:17  Infestor  
  199  12:21  Baneling Nest, Zergling x2  
  199  12:31  Spore Crawler  
  199  12:32  Spore Crawler x2  
  188  12:55  Zergling x26  
  194  13:14  Spore Crawler  
  194  13:15  Spore Crawler  
  194  13:16  Spore Crawler x2  
  150  13:36  Roach  
  150  13:39  Ultralisk x4  
  150  13:40  Ultralisk  
  177  13:42  Zergling x44  
  177  13:46  Queen  
  177  13:47  Zerg Melee Weapons Level 2  
  177  13:48  Zerg Ground Armor Level 3  
  197  14:00  Infestor  
  195  14:32  Infestor x2  
  199  14:51  Zergling x12  
  195  14:56  Zergling x20  
  198  15:13  Spore Crawler  
  197  15:14  Infestor x2  
  197  15:15  Spore Crawler x2  
  197  15:16  Spore Crawler x2  
  197  15:17  Spore Crawler x2  
  197  15:18  Spore Crawler  
  197  15:19  Spore Crawler  
  197  15:20  Hatchery  
  170  15:48  Zergling x34  
  170  15:49  Zergling x6  
  189  15:55  Queen x4  
  190  16:00  Drone x5  
  194  16:13  Centrifugal Hooks  
  193  16:21  Zergling x2  
  193  16:22  Zergling x14  
  200  16:26  Baneling x10  
  200  16:32  Infestor x9  
  190  16:56  Ultralisk  
  121  17:16  Infestor x10  
  121  17:19  Queen x3  
  147  17:26  Queen  
  141  17:33  Ultralisk x6  
  183  17:41  Queen  
  183  17:42  Queen  
  172  17:51  Infestor x6  
Show
View Real Time Build Order
Export as new Build Order

SKillous Protoss - Winner!

Build Orders: 1 Gate Expand, Oracle Opening, Carriers 

Get SALT Encoding   

  12  0:00  Probe  
  13  0:12  Probe  
  14  0:20  Pylon  
  14  0:24  Probe  
  14  0:27  Assimilator  
  15  0:38  Probe (Chrono Boost)  
  16  0:44  Gateway  
  16  0:47  Probe (Chrono Boost)  
  17  0:52  Probe (Chrono Boost)  
  18  1:04  Probe  
  19  1:16  Probe  
  20  1:22  Nexus  
  20  1:32  Cybernetics Core  
  20  1:35  Probe  
  21  1:40  Assimilator  
  22  1:47  Probe  
  22  1:49  Pylon  
  22  1:59  Probe  
  23  2:06  Adept (Chrono Boost)  
  23  2:11  Probe (Chrono Boost)  
  23  2:13  Stargate  
  26  2:22  Warp Gate  
  27  2:23  Probe (Chrono Boost)  
  27  2:29  Adept  
  29  2:31  Probe (Chrono Boost)  
  29  2:34  Probe (Chrono Boost)  
  31  2:43  Probe (Chrono Boost)  
  31  2:44  Probe (Chrono Boost)  
  33  2:49  Probe x2 (Chrono Boost)  
  33  2:50  Void Ray (Chrono Boost)  
  39  3:01  Probe  
  40  3:08  Probe  
  41  3:14  Probe  
  41  3:19  Pylon  
  42  3:20  Probe  
  42  3:25  Nexus  
  42  3:26  Probe  
  44  3:32  Probe (Chrono Boost)  
  45  3:37  Oracle  
  45  3:40  Assimilator  
  49  3:42  Assimilator  
  49  3:44  Probe (Chrono Boost)  
  49  3:45  Pylon  
  50  3:49  Probe (Chrono Boost)  
  50  3:53  Probe x2 (Chrono Boost)  
  52  3:57  Stargate  
  52  4:03  Probe  
  52  4:04  Probe  
  52  4:06  Gateway  
  54  4:16  Probe (Chrono Boost)  
  56  4:17  Adept  
  56  4:18  Probe (Chrono Boost)  
  56  4:21  Forge  
  58  4:26  Protoss Air Weapons Level 1  
  58  4:28  Probe (Chrono Boost)  
  58  4:30  Void Ray  
  60  4:32  Probe (Chrono Boost)  
  60  4:35  Probe (Chrono Boost)  
  60  4:36  Probe (Chrono Boost)  
  69  4:45  Probe (Chrono Boost)  
  69  4:46  Probe (Chrono Boost), Void Ray  
  69  4:47  Probe (Chrono Boost)  
  69  4:48  Assimilator  
  74  4:52  Assimilator  
  74  4:55  Probe (Chrono Boost)  
  74  4:56  Probe (Chrono Boost)  
  74  4:57  Pylon  
  74  4:59  Probe (Chrono Boost)  
  76  5:01  Probe  
  77  5:14  Fleet Beacon, Stargate  
  77  5:15  Probe (Chrono Boost)  
  77  5:19  Probe (Chrono Boost)  
  80  5:21  Pylon, Probe (Chrono Boost)  
  80  5:22  Pylon  
  80  5:26  Probe (Chrono Boost)  
  83  5:29  Pylon, Probe (Chrono Boost)  
  83  5:30  Probe x2 (Chrono Boost)  
  84  5:36  Pylon  
  84  5:39  Probe  
  84  5:40  Probe  
  86  5:53  Probe  
  88  5:59  Carrier (Chrono Boost)  
  88  6:03  Probe x2  
  107  6:05  Carrier x2 (Chrono Boost)  
  107  6:07  Probe  
  107  6:08  Pylon  
  108  6:12  Photon Cannon  
  108  6:15  Probe  
  109  6:21  Twilight Council  
  109  6:24  Nexus  
  109  6:26  Pylon  
  109  6:35  Probe  
  109  6:36  Probe  
  111  6:43  Probe  
  111  6:46  Protoss Air Weapons Level 2  
  112  6:47  Probe  
  112  6:52  Gateway  
  112  6:53  Gateway  
  113  6:55  Gateway  
  113  6:57  Robotics Facility  
  113  6:58  Gateway, Protoss Ground Weapons Level 1 (Chrono Boost)  
  113  7:04  Probe  
  113  7:07  Probe x2  
  116  7:09  Charge (Chrono Boost)  
  116  7:10  Carrier x2 (Chrono Boost)  
  128  7:16  Probe  
  129  7:25  Pylon  
  129  7:26  Probe  
  129  7:27  Assimilator  
  129  7:29  Photon Cannon, Assimilator  
  130  7:31  Pylon  
  130  7:37  Carrier (Chrono Boost)  
  130  7:39  Probe x2  
  138  7:52  Gateway  
  138  7:54  Gateway x2  
  138  7:55  Gateway  
  136  8:13  Observer (Chrono Boost)  
  136  8:17  Templar Archives  
  136  8:19  Robotics Facility  
  136  8:25  Warp Prism (Chrono Boost), Pylon  
  137  8:46  Photon Cannon  
  137  8:47  Shield Battery  
  137  8:48  Blink  
  137  8:53  Forge  
  137  8:58  Immortal (Chrono Boost)  
  137  8:59  Protoss Ground Weapons Level 2 (Chrono Boost)  
  137  9:00  Nexus  
  141  9:04  Pylon, High Templar x4  
  141  9:05  High Templar x2  
  141  9:06  Pylon, Zealot x3  
  141  9:07  Zealot  
  141  9:08  Archon x2  
  161  9:11  Archon  
  161  9:13  Pylon  
  161  9:17  Assimilator  
  161  9:19  Assimilator  
  161  9:20  Photon Cannon  
  161  9:28  High Templar x2  
  161  9:29  Zealot x2  
  169  9:32  Archon  
  169  9:33  Protoss Ground Armor Level 1 (Chrono Boost)  
  169  9:38  Protoss Air Weapons Level 3 (Chrono Boost), Zealot x6  
  181  9:43  Pylon  
  181  9:46  Immortal (Chrono Boost)  
  181  9:47  Photon Cannon  
  181  9:49  Photon Cannon  
  181  9:50  Shield Battery  
  185  9:56  Immortal (Chrono Boost)  
  185  9:59  High Templar x2  
  189  10:04  Archon  
  189  10:12  Photon Cannon  
  189  10:14  Shield Battery  
  191  10:25  Immortal (Chrono Boost)  
  183  10:32  Immortal (Chrono Boost)  
  173  10:47  Robotics Bay  
  173  10:52  Immortal (Chrono Boost)  
  173  10:56  Flux Vanes  
  177  10:57  Immortal (Chrono Boost)  
  177  11:12  Zealot x9  
  156  11:27  Immortal  
  156  11:28  Zealot  
  152  11:35  Zealot x9  
  152  11:37  Immortal (Chrono Boost)  
  148  11:47  Protoss Shields Level 1 (Chrono Boost)  
  148  11:51  Zealot  
  148  11:53  Protoss Ground Weapons Level 3 (Chrono Boost)  
  134  11:59  High Templar x4  
  134  12:00  High Templar x5  
  144  12:03  Archon  
  144  12:04  Archon  
  144  12:06  Archon x2  
  144  12:16  High Templar  
  146  12:23  Archon  
  146  12:30  Zealot  
  146  12:32  High Templar x4  
  146  12:36  High Templar, Archon x2  
  146  12:37  High Templar x2  
  160  12:38  High Templar  
  160  12:40  Archon  
  160  12:43  Void Ray  
  160  12:44  Void Ray  
  156  12:49  Oracle  
  151  12:52  Archon  
  147  13:01  Zealot x2  
  147  13:04  Zealot x3  
  147  13:05  Zealot  
  151  13:14  Zealot x3  
  158  13:22  Zealot x2  
  143  13:35  Probe  
  143  13:39  Probe  
  143  13:40  Zealot x7  
  155  13:47  Pylon  
  155  13:48  Zealot  
  155  13:50  Zealot  
  155  13:52  Cybernetics Core  
  155  13:55  Protoss Shields Level 2 (Chrono Boost)  
  157  13:56  Disruptor x2 (Chrono Boost)  
  157  14:01  Zealot  
  159  14:04  Zealot x6  
  170  14:10  Photon Cannon  
  170  14:14  Psionic Storm  
  164  14:25  Probe x3  
  164  14:26  Protoss Ground Armor Level 2 (Chrono Boost)  
  164  14:29  Observer x2 (Chrono Boost)  
  166  14:39  High Templar x2  
  166  14:40  High Templar x2  
  172  14:48  Photon Cannon  
  172  14:49  Shield Battery  
  172  14:52  Zealot  
  172  14:53  Disruptor x2  
  174  15:16  High Templar x3  
  174  15:19  Pylon x2  
  180  15:38  Pylon, Stalker  
  180  15:39  Stalker x2  
  180  15:41  Disruptor x2  
  184  15:52  Oracle  
  187  16:01  Photon Cannon  
  187  16:02  Shield Battery  
  187  16:04  Pylon  
  187  16:13  High Templar x4  
  187  16:16  Zealot x2  
  187  16:17  Archon x2  
  199  16:25  Observer  
  197  16:30  Zealot x2  
  179  16:54  Zealot x2  
  179  16:55  Zealot x3  
  179  16:56  Zealot x2  
  172  17:21  Stalker x2  
  160  17:24  Observer  
  158  17:33  Observer  
  155  17:46  Observer  
  155  17:51  Zealot  
  152  17:54  Observer  
  153  18:01  Zealot  
  125  18:49  Stalker x4  

Tags
 
Add a new tag
Caveats
  • Supply blocks, unpowered buildings, or Contaminate may cause inaccurate times.
  • Supply counts are checked every 10 seconds.